 Dungeon Crawl Stone Soup version 0.20.0-9-g8272e65 (webtiles) character file.

11589 Raukatau the Markscentaur (level 11, -11/95 HPs)
             Began as a Centaur Hunter on June 3, 2017.
             Was a Priest of Lugonu.
             Killed from afar by an efreet (26 damage)
             ... with a bolt of fire
             ... on level 11 of the Dungeon.
             The game lasted 02:08:48 (14925 turns).

Raukatau the Markscentaur (Centaur Hunter)         Turns: 14925, Time: 02:08:49

Health: -11/95     AC: 13    Str: 14    XL:     11   Next: 51%
Magic:  24/24      EV: 13    Int:  8    God:    Lugonu [***...]
Gold:   491        SH:  0    Dex: 23    Spells: 10/10 levels left

rFire    . . .     SeeInvis .   h - +4 long sword of Goczepru {slice, +Inv MP+9 Int-2 Dex+3}
rCold    . . .     Gourm    .   (no shield)
rNeg     . . .     Faith    .   M - +2 ring mail "Zexet" {+Fly rPois Regen+ Dex+4}
rPois    +         Spirit   .   E - +2 helmet
rElec    .         Reflect  .   J - +1 cloak
rCorr    .         Harm     .   (no gloves)
MR       .....                  (no barding)
Stlth    ++........             (no amulet)
Regen    0.7/turn               k - ring of stealth
MPRegen  0.2/turn               w - +2 ring of dexterity

@: very quick
A: hooves 3, deformed body, speed 2, tough skin 3
a: Depart the Abyss, Bend Space, Banish, Renounce Religion, Evoke Invisibility,
Evoke Flight


You were on level 11 of the Dungeon.
You worshipped Lugonu.
Lugonu was most pleased with you.
You were not hungry.

You visited 2 branches of the dungeon, and saw 12 of its levels.
You also visited: Sewer.

You collected 764 gold pieces.
You spent 273 gold pieces at shops.

Inventory:

Hand Weapons
 a - a +2 shortbow
 b - a +0 trident of flaming
 h - the +4 long sword of Goczepru (weapon) {slice, +Inv MP+9 Int-2 Dex+3}
   (You found it on level 11 of the Dungeon)

   It inflicts extra damage upon your enemies.
   It affects your intelligence (-2).
   It affects your dexterity (+3).
   It affects your magic capacity (+9).
   It lets you turn invisible.
 m - a +2 dagger of speed
 B - a +0 blowgun
 K - a +1 long sword of holy wrath
Missiles
 d - 25 arrows
 A - 13 curare-tipped needles
 I - 16 tomahawks (quivered)
 Z - 2 throwing nets
Armour
 c - a +2 plate armour of magic resistance
 n - a +1 chain mail of fire resistance
 q - the +3 scale mail of the Lost Emperors {rC+ rN+ Regen+}
   (You found it on level 5 of the Dungeon)

   It protects you from cold.
   It protects you from negative energy.
   It increases your rate of regeneration.
 C - a scarf of spirit shield
 E - a +2 helmet (worn)
 J - a +1 cloak (worn)
 M - the +2 ring mail "Zexet" (worn) {+Fly rPois Regen+ Dex+4}
   (You found it on level 6 of the Dungeon)

   It affects your dexterity (+4).
   It protects you from poison.
   It lets you fly.
   It increases your rate of regeneration.
Jewellery
 j - an uncursed amulet of rage
 k - a ring of stealth (left hand)
 w - a +2 ring of dexterity (right hand)
 L - an uncursed amulet of regeneration
Wands
 e - a wand of disintegration (10/24)
 V - a wand of iceblast (5/15)
 W - a wand of scattershot (6/9)
Scrolls
 i - 4 scrolls of teleportation
 o - 3 scrolls of remove curse
 y - a scroll of blinking
 Q - 2 scrolls of enchant armour
 R - a scroll of amnesia
 S - a scroll of enchant weapon
 T - 2 scrolls of fear
 Y - 3 scrolls of recharging
Potions
 l - a potion of flight
 p - 5 potions of curing
 r - 2 potions of might
 s - a potion of haste
 x - a potion of lignification {unknown}
 z - 2 potions of mutation
 G - 2 potions of degeneration {unknown}
 H - 4 potions of brilliance
 N - 3 potions of agility {unknown}
 P - 2 potions of invisibility {unknown}
Books
 O - a book of Necromancy

   Spells                             Type                      Level
   a - Pain                           Necromancy                   1
   b - Animate Skeleton               Necromancy                   1
   c - Vampiric Draining              Necromancy                   3
   d - Regeneration                   Charms/Necromancy            3
   e - Animate Dead                   Necromancy                   4
   f - Control Undead                 Necromancy                   4
Comestibles
 f - 7 bread rations
 g - 4 royal jellies
 t - a fruit
 u - 6 meat rations
 v - 5 chunks of flesh


   Skills:
 + Level 8.6 Fighting
 - Level 15.0 Bows
 - Level 4.0 Armour
 + Level 6.6 Dodging
 - Level 0.4 Stealth
 + Level 6.5 Invocations


You had 10 spell levels left.
You didn't know any spells.

Dungeon Overview and Level Annotations

Branches:
Dungeon (11/15)            Temple (1/1) D:7             Orc (0/2) D:9
   Lair: D:8-11

Altars:
Ashenzari
Cheibriados
Dithmenos
Elyvilon
Fedhas
Gozag
Hepliaklqana
Kikubaaqudgha
Makhleb
Nemelex Xobeh
Okawaru
Qazlal
Ru
Sif Muna
Trog
Uskayaw
Vehumet
Xom
Yredelemnul
Zin
The Shining One
Lugonu

Shops:
D:6 *   D:9 :   D:11 *


Innate Abilities, Weirdness & Mutations

You have hooves in place of feet.
Armour fits poorly on your strangely shaped body.
You cover ground very quickly.
You have extremely tough skin. (AC +3)


Message History

The fireball explodes!
The fireball engulfs you!
The fireball engulfs the efreet.
The efreet completely resists.
The efreet hits you but does no damage.
You hear a horrible gurgling sound!
You hit the efreet but do no damage. Your kick misses the efreet.
The efreet is moderately wounded.
The efreet hits you with a scimitar of flaming!
The efreet burns you.
You hit the efreet. You kick the efreet, but do no damage.
The efreet is moderately wounded.
The efreet gestures at you. The bolt of fire hits you!
* * * LOW HITPOINT WARNING * * *
The efreet gestures at you. The bolt of fire hits you!
* * * LOW HITPOINT WARNING * * *
There is a stone staircase leading up, spattered with blood here.
The efreet gestures at you. The bolt of fire hits you!
You die...

#............##.....
#.............§.#§#+
#............§..#R#
#............#.##§##
#...)...(......#.§.#
#..........[..###.##
#....∩R.(.....#.....
#............####.##
#..@.........#...(..
#...........#####§##
#...........#.R§....
#..........##§###.##
#..........#§#+ ###
#..........#§
#.........##§
#.........##§ #§


You could see an efreet.

Vanquished Creatures
  2 hydras
  Harold (D:10)
  2 two-headed ogres
  Pikel (D:5)
  An ice statue (D:11)
  A centaur zombie (D:11)
  A merfolk (D:9)
  Prince Ribbit (D:9)
  3 yaks (D:10)
  2 hungry ghosts
  Grum (D:9)
  Menkaure (D:6)
  Edmund (D:4)
  2 sky beasts
  5 orc warriors
  2 ice beasts
  4 necrophages
  5 phantoms
  2 centaurs
  3 wolves
  3 ogres (D:11)
  2 big kobolds
  8 bullfrogs
  5 scorpions
  3 killer bees (D:10)
  6 wights
  4 howler monkeys
  A jelly (D:9)
  A quasit (D:10)
  5 crimson imps
  2 bullfrog skeletons
  5 orc priests
  6 hounds
  Crazy Yiuf (D:5)
  A centaur skeleton (D:6)
  4 iguanas
  Natasha (thrice) (D:2)
  8 orc wizards
  12 worker ants
  A hound zombie (D:6)
  Robin (D:3)
  6 gnolls
  A howler monkey skeleton (D:6)
  14 adders
  6 shadow imps
  12 oozes
  2 adder zombies
  An adder skeleton (D:6)
  3 worms
  15 leopard geckos
  36 orcs
  12 ball pythons (Sewer)
  22 giant cockroaches
  16 goblins
  7 hobgoblins
  11 jackals
  17 kobolds
  3 quokkas
  11 bats
  18 frilled lizards
  A leopard gecko skeleton (D:4)
  A leopard gecko zombie (D:8)
  A quokka skeleton (D:4)
  A quokka zombie (D:5)
  9 rats
349 creatures vanquished.

Vanquished Creatures (collateral kills)
  3 killer bees (D:11)
3 creatures vanquished.

Vanquished Creatures (others)
  2 slaves (D:5)
  An orc priest (D:5)
  An orc wizard (D:5)
  3 orcs (D:5)
7 creatures vanquished.

Grand Total: 359 creatures vanquished

Notes
Turn   | Place    | Note
-------+----------+-------------------------------------------
     0 | D:1      | Raukatau the Centaur Hunter began the quest for the Orb.
     0 | D:1      | Reached XP level 1. HP: 17/17 MP: 1/1
   302 | D:1      | Reached XP level 2. HP: 24/24 MP: 2/2
   351 | D:1      | Reached skill level 6 in Bows
  1360 | D:1      | Reached XP level 3. HP: 29/29 MP: 3/3
  1855 | D:2      | Reached skill level 7 in Bows
  2088 | D:2      | Noticed Natasha
  2109 | D:2      | Killed Natasha
  2109 | D:2      | Reached XP level 4. HP: 36/36 MP: 4/4
  2170 | D:2      | Found a hazy altar of Hepliaklqana.
  2338 | D:2      | Noticed Natasha
  2403 | D:2      | Killed Natasha
  2403 | D:2      | Reached skill level 8 in Bows
  2408 | D:2      | Noticed Natasha
  2786 | D:2      | Killed Natasha
  2786 | D:2      | Reached XP level 5. HP: 41/41 MP: 5/5
  3281 | D:3      | Noticed Robin
  3309 | D:3      | Killed Robin
  3309 | D:3      | Reached skill level 9 in Bows
  4227 | D:4      | Reached XP level 6. HP: 45/48 MP: 6/6
  4360 | D:4      | Reached skill level 10 in Bows
  4468 | D:4      | Found a glowing golden altar of the Shining One.
  4468 | D:4      | Found a white marble altar of Elyvilon.
  4469 | D:4      | Found a glowing silver altar of Zin.
  4534 | D:4      | Found a glowing drain.
  4538 | Sewer    | Entered a sewer
  5017 | Sewer    | Reached XP level 7. HP: 44/55 MP: 5/7
  5163 | Sewer    | Reached skill level 11 in Bows
  6262 | D:5      | Entered Level 5 of the Dungeon
  6283 | D:5      | Reached skill level 12 in Bows
  6407 | D:5      | Got a polished scale mail
  6418 | D:5      | Identified the +3 scale mail of the Lost Emperors {rC+ rN+ Regen+} (You found it on level 5 of the Dungeon)
  6486 | D:5      | Noticed Pikel
  6486 | D:5      | Noticed Edmund
  6566 | D:5      | Found a bloodstained altar of Trog.
  6671 | D:4      | Killed Edmund
  6793 | D:5      | Killed Pikel
  6793 | D:5      | Reached skill level 13 in Bows
  6793 | D:5      | Reached XP level 8. HP: 36/61 MP: 4/8
  6921 | D:5      | Found a blossoming altar of Fedhas.
  7028 | D:5      | Reached skill level 14 in Bows
  7364 | D:5      | Found a runed door.
  7368 | D:5      | Noticed Crazy Yiuf
  7389 | D:5      | Killed Crazy Yiuf
  7752 | D:6      | Found an opulent altar of Gozag.
  7850 | D:6      | Reached skill level 15 in Bows
  7876 | D:6      | Found Meessi's Assorted Antiques.
  7928 | D:6      | Bought a green potion for 28 gold pieces
  7928 | D:6      | Bought 2 green potions for 57 gold pieces
  7928 | D:6      | Bought a scroll labeled ASOMUFE RODD for 32 gold pieces
  7928 | D:6      | Bought an inky potion for 28 gold pieces
  7928 | D:6      | Bought a scroll of identify for 64 gold pieces
  7928 | D:6      | Bought a scroll labeled HOAVAR SEEROA for 32 gold pieces
  7928 | D:6      | Bought a scroll labeled INADOPSOFEP for 32 gold pieces
  7958 | D:6      | Reached XP level 9. HP: 67/67 MP: 9/9
  7998 | D:6      | Found a sparkling altar of Nemelex Xobeh.
  8131 | D:6      | Noticed Menkaure
  8144 | D:6      | Killed Menkaure
  8144 | D:6      | Reached skill level 1 in Armour
  8164 | D:6      | Got a transparent ring mail
  8197 | D:6      | Identified the +2 ring mail "Zexet" {+Fly rPois Regen+ Dex+4} (You found it on level 6 of the Dungeon)
  8402 | D:7      | Found a sparkling altar of Nemelex Xobeh.
  8423 | D:7      | Found a staircase to the Ecumenical Temple.
  8432 | Temple   | Entered the Ecumenical Temple
  8471 | Temple   | Became a worshipper of Lugonu the Unformed
  8471 | Temple   | Reached * piety under Lugonu
  8853 | D:7      | Found an opulent altar of Gozag.
  9206 | D:8      | Found a snail-covered altar of Cheibriados.
  9743 | D:8      | Reached skill level 5 in Fighting
  9846 | D:8      | Reached ** piety under Lugonu
  9943 | D:8      | Noticed a five-headed hydra
 10050 | D:8      | Killed a five-headed hydra
 10050 | D:8      | Reached XP level 10. HP: 73/83 MP: 10/10
 10130 | D:8      | Found a stormy altar of Qazlal.
 10267 | D:9      | HP: 3/83 [orc warrior/glaive (22)]
 10423 | D:9      | Noticed a two-headed ogre
 10503 | D:8      | Killed a two-headed ogre
 10841 | D:9      | Reached skill level 1 in Invocations
 10923 | D:9      | Found a hide-covered altar of Uskayaw.
 10923 | D:9      | Found an iron altar of Okawaru.
 10923 | D:9      | Found a radiant altar of Vehumet.
 10923 | D:9      | Found a basalt altar of Yredelemnul.
 11240 | D:9      | Noticed Grum
 11597 | D:9      | Reached skill level 5 in Dodging
 11652 | D:9      | Found a staircase to the Orcish Mines.
 11766 | D:9      | Found a blossoming altar of Fedhas.
 11829 | D:9      | Found a burning altar of Makhleb.
 11992 | D:9      | Killed Grum
 12036 | D:9      | Noticed Prince Ribbit
 12047 | D:9      | Killed Prince Ribbit
 12161 | D:9      | Found Anarojum's Book Boutique.
 12422 | D:10     | Entered Level 10 of the Dungeon
 12761 | D:10     | Noticed Harold
 12797 | D:10     | Killed Harold
 12797 | D:10     | Reached XP level 11. HP: 78/92 MP: 14/14
 13077 | D:10     | Reached *** piety under Lugonu
 13357 | D:10     | Reached skill level 5 in Invocations
 14450 | D:11     | Got a dazzling long sword
 14460 | D:10     | Identified the +4 long sword of Goczepru {slice, +Inv MP+9 Int-2 Dex+3} (You found it on level 11 of the Dungeon)
 14496 | D:11     | Found Tiraoma's Assorted Antiques.
 14541 | D:11     | Noticed a two-headed ogre
 14593 | D:10     | Killed a two-headed ogre
 14711 | D:11     | Noticed a five-headed hydra
 14736 | D:11     | Killed a five-headed hydra
 14925 | D:11     | Killed from afar by an efreet

Skill      XL: |  1  2  3  4  5  6  7  8  9 10 11 |
---------------+----------------------------------+-----
Bows           | 6 7 8 9 10 13 15 | 15.0
Armour         | 3 4 |  4.0
Dodging        | 4 5 6 |  6.6
Fighting       | 5 7 8 |  8.6
Invocations    | 4 6 |  6.5
Stealth        | |  0.4

Action                   |  1- 3 |  4- 6 |  7- 9 | 10-12 || total
-------------------------+-------+-------+-------+-------++-------
Melee: Short sword       |   118 |   137 |    40 |       ||   295
       Kick              |    13 |    35 |    27 |    82 ||   157
       Trident           |       |       |    91 |   309 ||   400
       Long sword        |       |       |       |     5 ||     5
 Fire: Shortbow          |    58 |   250 |   494 |   340 ||  1142
Throw: Tomahawk          |       |       |       |    16 ||    16
 Abil: Evoke Flight      |       |       |       |     1 ||     1
  Use: Scroll            |     2 |     4 |    13 |     7 ||    26
       Potion            |       |     1 |     2 |       ||     3
  Eat: Chunk             |     3 |     5 |    11 |    13 ||    32
       Royal jelly       |       |     1 |       |       ||     1
       Fruit             |       |       |     2 |     1 ||     3
Armor: Leather armour    |    75 |    78 |    20 |       ||   173
       Scale mail        |       |       |    43 |     1 ||    44
       Ring mail         |       |       |    30 |   120 ||   150
Dodge: Dodged            |    74 |    93 |    80 |   218 ||   465
